[Event "*** SCC Grand Prix: Titled Tuesday Blitz"]
[Site "Chess.com"]
[Date "2020.08.25"]
[Round "5"]
[White "tptagain"]
[Black "RobertoJBM"]
[Result "1/2-1/2"]
[WhiteElo "2862"]
[BlackElo "2639"]
[TimeControl "180+1"]
[EndTime "10:58:35 PDT"]
[Termination "Game drawn by repetition"]

1. d4 d5 2. Nf3 Nf6 3. c4 c6 4. Nbd2 g6 5. g3 Bg7 6. Bg2 O-O 7. O-O Bf5 8. b3 Ne4 9. Bb2 Nd7 10. Nh4 Ndf6 11.
Nxf5 gxf5 12. Nf3 e6 13. e3 Rc8 14. Rc1 Re8 15. Ne5 Nd7 16. Nd3 Qa5 17. Qc2 Qd2 18.
Qb1 Qa5 19. Rfd1 Bf8 20. Qc2 Qd8 21. a3 Nb6 22. Ne5 f6 23. Nd3 Nd7 24. b4 Nb6 25. c5 Nc4 26. Qb3 b5 27. cxb6 axb6 28. Rxc4 dxc4 29. Qxc4 Qd5 30. Qc2 Red8 31. Nf4 Qd7 32. Bxe4 fxe4 33. Qxe4 Re8 34. Rc1 f5 35. Qf3 Bg7 36. Nh5 Bh8 37. Qe2 Qf7 38. Nf4 Red8 39. Qc4 Re8 40. a4 Bf6 41. Qe2 Red8 42. Qf3 c5 43.
bxc5 bxc5 44. h4 cxd4 45. Rxc8 Rxc8 46. Bxd4 e5 47. Nd5 exd4 48. Qxf5 Rf8 49. Qg4+ Bg7 50. Nf4 dxe3 51. fxe3 Qa2 52. h5 h6 53. Ng2 Qf2+ 54.
Kh2 Qf5 55. Qc4+ Qf7 56. Qg4 Qf3 57. Qc4+ Kh8 58. Nf4 Kh7 59. Qd3+ Kg8 60. Qc4+ Rf7 61. Qc8+ Bf8 62. Qc4 Qf2+ 63. Kh3 Qf3 64. Kh2 Qf2+ 65. Kh3 Qf3 66. Kh2 1/2-1/2

[Event "*** SCC Grand Prix: Titled Tuesday Blitz"]
[Site "Chess.com"]
[Date "2020.08.25"]
[Round "5"]
[White "Crazy_girl99"]
[Black "elegant285"]
[Result "1-0"]
[WhiteElo "2515"]
[BlackElo "2364"]
[TimeControl "180+1"]
[EndTime "10:58:40 PDT"]
[Termination "Crazy_girl99 won on time"]

1. e4 c6 2. d4 d5 3. e5 c5 4. c4 cxd4 5. cxd5 Qxd5 6. Nf3 Nc6 7. Nc3 Qa5 8. Nxd4 Qxe5+ 9. Be3 e6 10. Bb5 Bd7 11. Qa4 Nge7 12. O-O-O a6 13. Rhe1 O-O-O 14. Bxa6 Nxd4 15. Bxb7+ Kxb7 16. Qb4+ Kc8 17. Bxd4 Qf4+ 18. Kb1 Nc6 19. Qb6 Qf5+ 20. Ka1 Nb4 21. Re4 Bc6 22. g4 Qf3 23. Re2 Bd6 24. a3 Bc7 25. Qxb4 Rd6 26. Re3 Qxg4 27. Rg3 Qf5 28. Re1 Rhd8 29. Bxg7 Bf3 30.
Be5 Rd1+ 31. Nxd1 Rxd1+ 32. Rxd1 Bxe5 33. Rc1+ Kd7 34. Qb5+ Ke7 35. Qc5+ Kf6 36. Re1 Bxb2+ 37. Kxb2 Qxc5 38. Rxf3+ Ke7 39. Ree3 Qd4+ 40. Rc3 Qd2+ 41. Kb3 Qc1 42. a4 Qb1+ 43. Kc4 Qa2+ 44. Kb5 Qb2+ 45. Rb3 Qe5+ 46. Kb4 Qd6+ 47. Kc3 Qc5+ 48. Kb2 Qd4+ 49. Ka3 Qa1+ 50. Kb4 f5 51. a5 Qd4+ 52. Ka3 Qc5+ 53. Ka4 Qc4+ 54. Ka3 Qa6 55. Ka4 Qc4+ 56. Ka3 Qc5+ 57.
Ka4 Qc6+ 58. Ka3 Qd6+ 59. Ka4 Qd4+ 60. Ka3 Qa7 61. Ka4 Qa6 62. Rfc3 e5 63. Rb6 1-0

[Event "*** SCC Grand Prix: Titled Tuesday Blitz"]
[Site "Chess.com"]
[Date "2020.08.25"]
[Round "5"]
[White "XDPS"]
[Black "gmcorrales"]
[Result "1/2-1/2"]
[WhiteElo "2731"]
[BlackElo "2908"]
[TimeControl "180+1"]
[EndTime "10:58:47 PDT"]
[Termination "Game drawn by stalemate"]

1. e4 c5 2. Nf3 d6 3. d4 cxd4 4. Nxd4 Nf6 5. Nc3 a6 6. Be2 e5 7.
Nf3 Be7 8. Bg5 Nbd7 9. O-O O-O 10. a4 b6 11. Nd2 Bb7 12. Bc4 Rc8 13. Qe2 Nc5 14.
Rfd1 a5 15. f3 Nfd7 16. Bxe7 Qxe7 17. Nf1 Nf6 18. Ne3 Rfd8 19. Nf5 Qf8 20. Nb5 Ne8 21. Rd2 g6 22. Ne3 Nf6 23. b3 Bc6 24. Rad1 Bxb5 25. Bxb5 Ne6 26. Bc4 Kg7 27. Qf2 Nd4 28. h3 Rc5 29. Bd3 Nc6 30. Nc4 Rb8 31. Bf1 Nd4 32.
Na3 Ne8 33. Bc4 Nc6 34. Nb5 Rd8 35. c3 f5 36. Qe2 Nb8 37. exf5 gxf5 38. f4 e4 39. Qe3 Qf6 40. Be2 d5 41. b4 axb4 42.
cxb4 Rcc8 43. Nd4 Nc6 44. Nxc6 Rxc6 45. Rxd5 Rcd6 46. Rxd6 Rxd6 47. Rxd6 Qxd6 48. a5 Qxb4 49. axb6 Nf6 50. Kh2 Kg6 51. Qg3+ Kf7 52. Qg5 Qxb6 53.
Qxf5 Qd4 54. Bh5+ Ke7 55. Qg5 e3 56. Bf3 Ke6 57. Kg3 Ke7 58. Qe5+ Qxe5 59. fxe5 Nd7 60.
Kf4 Nc5 61. Kxe3 Ke6 62. Kf4 Nd3+ 63. Kg5 Nxe5 64. Be4 Kf7 65. Bxh7 Kg7 66. Be4 Nc4 67. g3 Ne3 68. h4 Nc4 69. g4 Ne5 70. h5 Nxg4 71. Kxg4 Kh8 72. Kg5 Kg8 73. Bd5+ Kh8 74. h6 Kh7 75. Be4+ Kh8 76. h7 Kg7 77. Kh5 Kh8 78.
Kh6 1/2-1/2

[Event "*** SCC Grand Prix: Titled Tuesday Blitz"]
[Site "Chess.com"]
[Date "2020.08.25"]
[Round "5"]
[White "Legendinunknown"]
[Black "Kopytkin"]
[Result "1-0"]
[WhiteElo "2657"]
[BlackElo "2428"]
[TimeControl "180+1"]
[EndTime "10:58:50 PDT"]
[Termination "Legendinunknown won on time"]

1. d4 d5 2. c4 c6 3. Nf3 Nf6 4. Nc3 a6 5. c5 g6 6. Bf4 Bg7 7. e3 Nh5 8. Be5 f6 9. Bxb8 Rxb8 10.
Be2 e5 11. O-O O-O 12. b4 e4 13. Ne1 f5 14. Bxh5 gxh5 15. g3 h4 16. Ng2 Qg5 17. f4 Qh6 18. Nxh4 Bf6 19. Ng2 Kh8 20. Kf2 Rg8 21. Rh1 Qh3 22. Rb1 Be6 23. Qf1 Bf7 24. Ne1 Qh6 25. Rb2 Rg7 26. a4 Rbg8 27. b5 axb5 28.
axb5 Bh4 29. Ke2 Bf6 30. Kd2 Be8 31. Nc2 Qh5 32. Kc1 Qg4 33. bxc6 Bxc6 34. Nb4 h5 35. Nbxd5 Bd8 36. Nb6 h4 37. d5 Be8 38. Qc4 Bf6 39. Rc2 Rh7 40. Re1 hxg3 41. hxg3 Qxg3 42. Rce2 Bh5 43. d6 Bxe2 44. Rxe2 Rh1+ 45. Kc2 Qg1 46. Nbd5 Bg7 47. Qb4 Ra8 48. Kb3 Qc1 49. d7 Rd1 50. Rc2 Qa1 51. Nxd1 Qxd1 52. Qd2 Qa1 53. Nb4 Qa4+ 54.
Kc4 b5+ 55. cxb6 Qa5 56. d8=Q+ Rxd8 57. Qxd8+ Kh7 58. Rh2+ Kg6 59. Qd6+ Kf7 60. Qd5+ Qxd5+ 61. Kxd5 1-0

[Event "*** SCC Grand Prix: Titled Tuesday Blitz"]
[Site "Chess.com"]
[Date "2020.08.25"]
[Round "5"]
[White "Logman74"]
[Black "Moon_stone123"]
[Result "0-1"]
[WhiteElo "2390"]
[BlackElo "2532"]
[TimeControl "180+1"]
[EndTime "10:58:50 PDT"]
[Termination "Moon_stone123 won on time"]

1. e4 c5 2. Nf3 d6 3. d4 cxd4 4. Nxd4 Nf6 5. Nc3 g6 6. Be3 Bg7 7. f3 Nc6 8. Qd2 O-O 9. O-O-O Nxd4 10. Bxd4 Be6 11. g4 Qa5 12. Kb1 Rfc8 13. a3 Rab8 14. h4 b5 15. Nd5 Qxd2 16. Rxd2 Nxd5 17. exd5 Bxd4 18. dxe6 Be3 19. exf7+ Kxf7 20. Rd3 Bf4 21. h5 Ke6 22. Rd4 Be5 23. Re4 d5 24. Re1 Kd6 25. hxg6 hxg6 26. Rh6 Rg8 27. Bd3 Rbf8 28. Rf1 Rf6 29.
Bxb5 Rb8 30. a4 a6 31. Bxa6 Rxb2+ 32. Kc1 Rb6 33. f4 Bxf4+ 34. Rxf4 Rxf4 35. Rxg6+ e6 36. Bb5 Rb8 37. Kd2 Rf2+ 38. Kd3 Rc8 39. c4 dxc4+ 40. Bxc4 Re8 41. Bb5 Re7 42. Kc4 Rf4+ 43. Kb3 Ke5 44. a5 Rb7 45. Rg5+ Kd6 46. a6 Rb8 47. Kc3 e5 48.
Rg6+ Kc5 49. Bc6 Rc4+ 50. Kd3 Rd4+ 51. Ke3 Rb3+ 52. Ke2 Ra3 53. Bb7 Rb4 54. Rc6+ Kd4 55. Rc2 e4 56. g5 Ke5 57. g6 Kf6 58. Rc6+ Kg7 59. Kd2 Rb2+ 60. Rc2 Rxc2+ 61. Kxc2 e3 62. Kd1 Kxg6 63. Ke2 Kf6 0-1

[Event "*** SCC Grand Prix: Titled Tuesday Blitz"]
[Site "Chess.com"]
[Date "2020.08.25"]
[Round "5"]
[White "creativity"]
[Black "Angel_Hranitel_37"]
[Result "0-1"]
[WhiteElo "2042"]
[BlackElo "2452"]
[TimeControl "180+1"]
[EndTime "10:58:50 PDT"]
[Termination "Angel_Hranitel_37 won on time"]

1. d4 Nf6 2. c4 g6 3. Nc3 Bg7 4.
e4 d6 5. Nf3 O-O 6. Be2 Nc6 7.
O-O e5 8. d5 Ne7 9. Ne1 Nd7 10.
Be3 f5 11. f3 Nf6 12. Nd3 f4 13.
Bf2 g5 14. g4 fxg3 15. hxg3 Ng6 16. c5 h5 17. cxd6 cxd6 18. Rc1 g4 19. f4 exf4 20.
gxf4 h4 21. f5 g3 22. fxg6 gxf2+ 23. Nxf2 Qe8 24. Kh1 Qxg6 25. Rg1 Qh7 26. Nb5 Ne8 27. Qe1 Kh8 28. Nc7 Nxc7 29. Rxc7 Rg8 30. Qc1 h3 31. Rg5 Rf8 32. Rh5 Rxf2 33. Rxh7+ Kxh7 34. Qe1 Rg2 35.
Qh4+ Kg8 36. Qd8+ Kh7 37. Bf1 Rf2 38. Kg1 Rf8 39. Qh4+ Kg8 40. Qg5 Rf7 41. Rxf7 Kxf7 42. Qf4+ Ke7 43. Qh4+ Bf6 44. Qh7+ Kd8 45. Bxh3 Bxh3 46.
Qg8+ Kc7 47. Qxa8 Bd4+ 48. Kh2 Bc8 49. b3 a6 50. Kg2 Bc5 51. Kf3 Bd4 52. a4 Bc5 53. a5 Bd4 54. Kf4 Bc5 55. e5 dxe5+ 56. Kxe5 Bd6+ 57. Kd4 Bh2 58. b4 Bg1+ 59. Ke5 Bh2+ 60.
Kf6 Bg3 61. Kf7 Bf2 62. Ke7 Bh4+ 63. Ke8 Bd7+ 0-1

[Event "*** SCC Grand Prix: Titled Tuesday Blitz"]
[Site "Chess.com"]
[Date "2020.08.25"]
[Round "5"]
[White "okriak"]
[Black "talman67"]
[Result "1/2-1/2"]
[WhiteElo "2715"]
[BlackElo "2513"]
[TimeControl "180+1"]
[EndTime "10:58:54 PDT"]
[Termination "Game drawn by repetition"]

1. e4 c5 2. Nf3 d6 3. d4 cxd4 4. Nxd4 Nf6 5. f3 Nc6 6. c4 e6 7. Nc3 Be7 8. Be2 O-O 9. Be3 d5 10. exd5 exd5 11. O-O Nxd4 12. Qxd4 dxc4 13. Bxc4 Qxd4 14.
Bxd4 Rd8 15. Be3 Bf5 16. Rfd1 Rdc8 17. Bb3 Bc5 18. Kf2 Bxe3+ 19. Kxe3 Be6 20. Bxe6 Re8 21. Rd6 Rxe6+ 22. Rxe6 fxe6 23. Rd1 Rc8 24. g4 h6 25.
h4 Rc5 26. Rd8+ Kf7 27. Rb8 Rc7 28. g5 hxg5 29. hxg5 Nd7 30. Ra8 a6 31. f4 Nb6 32.
Rb8 Nc4+ 33. Kd4 Nxb2 34. Ne4 Nc4 35. a4 Na5 36. Kd3 Rd7+ 37. Kc3 Kg6 38. Rf8 Rc7+ 39. Kd3 Nb3 40. Re8 Kf5 41. Rf8+ Kg4 42. g6 Nc5+ 43.
Nxc5 Rxc5 44. Rf7 Kh5 45. Rxg7 b5 46. axb5 Rxb5 47. Ke4 Kh6 48. Re7 Kxg6 49. Rxe6+ Kf7 50. Rxa6 Rc5 51. Kf3 Rb5 52. Kg4 Rc5 53. Ra7+ Kf6 54. Ra8 Kf7 55. Ra1 Kf6 56. Rh1 Rb5 57. Rh6+ Kg7 58. Re6 Rc5 59. Re5 Rxe5 60. fxe5 Kf7 61. Kf5 Ke7 62. Ke4 Ke6 63. Kd4 Ke7 64. Kd5 Kd7 65. Ke4 Ke6 66. Kf4 Ke7 67. Kf3 Ke6 68. Ke4 Ke7 69. Kf5 Kf7 70. e6+ Ke7 71. Ke5 Ke8 72. Kd6 Kd8 73. Kd5 Ke7 74. Ke5 Ke8 75. Kf5 Ke7 76. Ke5 1/2-1/2

[Event "*** SCC Grand Prix: Titled Tuesday Blitz"]
[Site "Chess.com"]
[Date "2020.08.25"]
[Round "5"]
[White "Nf3c5"]
[Black "Jumbo"]
[Result "0-1"]
[WhiteElo "2554"]
[BlackElo "2798"]
[TimeControl "180+1"]
[EndTime "10:58:55 PDT"]
[Termination "Jumbo won by resignation"]

1. d4 Nf6 2. c4 e6 3. Nf3 Bb4+ 4. Bd2 c5 5. g3 b6 6. Bg2 Bb7 7. O-O O-O 8. Bg5 cxd4 9. Qxd4 Nc6 10. Qf4 h6 11.
Bxf6 Qxf6 12. Qxf6 gxf6 13. Nbd2 Rac8 14. Ne4 Kg7 15.
Rfd1 Nb8 16. Ned2 Bxf3 17. Bxf3 Bxd2 18. Rxd2 Rxc4 19. e4 Rfc8 20. Rad1 Kf8 21. Kf1 Ke7 22. Ke2 R8c7 23. Ke3 Nc6 24. Be2 Rc5 25. f4 Nb8 26.
g4 Rc1 27. h4 Rxd1 28. Bxd1 d6 29. h5 Nd7 30. Rh2 Rc8 31. Rd2 a5 32. Ba4 Rc1 33. Bd1 Nc5 34. g5 fxg5 35. fxg5 hxg5 36. h6 Nd7 37. h7 Rc8 38. Rg2 Rh8 39. Rxg5 Rxh7 40.
Rg8 Rh3+ 41. Kd2 Rh2+ 42. Kc1 Nc5 43. Bc2 Re2 44. Rb8 Nxe4 45. Rb7+ Kf6 46. Bd1 Re1 47. Kc2 Nf2 48. Bf3 Re3 49. Bh5 Re5 50. Rxf7+ Kg5 51. Rh7 Rc5+ 52. Kd2 Ne4+ 53. Ke1 Nf6 54. Rg7+ Kxh5 55.
Rf7 Re5+ 56. Kf1 Rf5+ 57. Kg1 Ng4 58. Rh7+ Kg5 59. Rg7+ Kh4 60. Re7 Re5 61. Rh7+ Kg3 62. Kf1 Nh2+ 63. Rxh2 Kxh2 64. Kf2 Rb5 65. b4 axb4 66.
a4 Ra5 67. Ke3 Rxa4 68. Kd4 Ra3 69. Kc4 Ra5 70. Kxb4 Rc5 71. Kb3 e5 72. Kb4 e4 73.
Kb3 e3 74. Kb4 e2 0-1

[Event "*** SCC Grand Prix: Titled Tuesday Blitz"]
[Site "Chess.com"]
[Date "2020.08.25"]
[Round "5"]
[White "Shield12"]
[Black "BocharovD"]
[Result "0-1"]
[WhiteElo "2857"]
[BlackElo "2724"]
[TimeControl "180+1"]
[EndTime "10:58:56 PDT"]
[Termination "BocharovD won by resignation"]

1. e4 c5 2. Nf3 e6 3. d4 cxd4 4. Nxd4 a6 5. c4 Nf6 6. Nc3 Qc7 7. a3 b6 8. Be3 Bb7 9. f3 d6 10.
Be2 Nbd7 11. Qd2 Be7 12. O-O O-O 13. Rfc1 Rfc8 14. b4 Qd8 15. Rab1 Rab8 16. Bf1 h5 17. Na4 Ba8 18. Qf2 h4 19. Nb3 h3 20. g3 b5 21.
cxb5 axb5 22. Nc3 d5 23. exd5 Nxd5 24. Nxd5 Bxd5 25. Nd4 Ne5 26. Rxc8 Qxc8 27. Bxh3 Qc3 28. Bf1 Qxa3 29. Bf4 Bd6 30. Bxe5 Bxe5 31. Nxb5 Qxf3 32.
Qxf3 Bxf3 33. Kf2 Bd5 34. Ke3 Ra8 35. Rc1 Ra4 36. Bd3 g6 37. Nc3 Bxc3 38. Rxc3 Rxb4 39.
Rc7 Kg7 40. Be2 Rb3+ 41. Kf2 Rb2 42. Ke3 Kf6 43. h4 e5 44. g4 Rb3+ 45. Kf2 e4 46.
Rc5 Ke5 47. Bc4 Rf3+ 48. Ke2 Kd4 49. Rxd5+ Kxc4 50. Rd6 Kc5 51. Rd7 f5 52. h5 gxh5 53.
gxh5 Rh3 54. Rh7 Kd4 55. h6 Rh2+ 56. Kf1 Ke3 57. Rf7 Rxh6 58. Rxf5 Rh1+ 59. Kg2 Re1 60. Ra5 Rd1 61. Ra3+ Ke2 62. Kg3 Rd3+ 0-1

[Event "*** SCC Grand Prix: Titled Tuesday Blitz"]
[Site "Chess.com"]
[Date "2020.08.25"]
[Round "5"]
[White "MVM2008"]
[Black "ChronicUnhappiness"]
[Result "1-0"]
[WhiteElo "2231"]
[BlackElo "2371"]
[TimeControl "180+1"]
[EndTime "10:59:00 PDT"]
[Termination "MVM2008 won by resignation"]

1. e4 c5 2. Nf3 Nc6 3. d4 cxd4 4. c3 Nf6 5. e5 Nd5 6. cxd4 e6 7. Nc3 d6 8. exd6 Bxd6 9. a3 Nxc3 10. bxc3 O-O 11. Bd3 e5 12. dxe5 Nxe5 13. Nxe5 Bxe5 14.
O-O g6 15. Bh6 Re8 16. Qf3 Qf6 17. Qxf6 Bxf6 18. Rae1 Bd7 19. Rd1 Bc6 20. c4 Rad8 21.
Bc2 b6 22. Rxd8 Rxd8 23. Rd1 Rxd1+ 24. Bxd1 Bb2 25. a4 f5 26. Be3 Ba3 27. g3 Kf7 28.
Kf1 Ke6 29. Bb3 Bc5 30. Bf4 Bf3 31. Ke1 Bb4+ 32. Bd2 Bxd2+ 33. Kxd2 Kd6 34. Ke3 Bc6 35. Kd4 a5 36. Bc2 Bd7 37. f4 Bc6 38. Bb3 Be4 39.
Bd1 Bb1 40. Bb3 Kc6 41. Bd1 Ba2 42. Bf3+ Kd6 43. Bd1 h6 44. Bc2 Kc6 45. Kc3 Kc5 46. Bd3 g5 47. h4 gxh4 48. gxh4 h5 49. Be2 Bb1 50. Bxh5 Be4 51. Be2 Bc6 52. h5 Be8 53. h6 Bg6 54. Bh5 Bh7 55. Bf7 Kd6 56. Kd4 Kc6 57. Ke5 Kc5 58. Kf6 Kb4 59. Kg7 Kxa4 60. Kxh7 Kb4 61. Kg7 a4 62. h7 a3 63. c5 bxc5 64. h8=Q c4 65. Qb8+ Kc3 66. Qc7 a2 67. Qxc4+ Kb2 68. Qxa2+ Kc1 69. Qd5 Kc2 70. Qxf5+ Kc3 71.
Qe5+ Kd2 72. f5 Kd1 73. f6 Kd2 74. Bg8 Kd1 75. f7 Kd2 76. f8=Q Kd1 77. Qd8+ 1-0

[Event "*** SCC Grand Prix: Titled Tuesday Blitz"]
[Site "Chess.com"]
[Date "2020.08.25"]
[Round "5"]
[White "ajdemipopushi"]
[Black "frequentblunders"]
[Result "1-0"]
[WhiteElo "2295"]
[BlackElo "2073"]
[TimeControl "180+1"]
[EndTime "10:59:01 PDT"]
[Termination "ajdemipopushi won on time"]

1. Nf3 e6 2. g3 c5 3. c4 d5 4. Bg2 Nf6 5. O-O Nc6 6. cxd5 exd5 7. d4 cxd4 8. Nxd4 Be7 9. Nc3 O-O 10. b3 Be6 11. Bb2 Qb6 12. Na4 Qa5 13. Nxc6 bxc6 14.
Rc1 Rac8 15. e3 Rfd8 16. Bd4 c5 17. Bc3 Qb5 18. Re1 h6 19. Bf1 Qd7 20. Bxf6 gxf6 21.
Qh5 Bf8 22. Qh4 Qe7 23. Qf4 f5 24. Ba6 Rc7 25. Bd3 Qd6 26. Red1 Qxf4 27. gxf4 d4 28. Bb1 Rdc8 29. Nb2 Bg7 30. Nc4 Bxc4 31. Rxc4 dxe3 32. fxe3 Re8 33. Kf2 Rce7 34. Re1 Bd4 35.
Bxf5 Rxe3 36. Rxe3 Rxe3 37. Kg2 Re2+ 38. Kf3 Rxa2 39. b4 Ra4 40. Ke4 Bg1 41. Rc1 Bxh2 42. Rxc5 Rxb4+ 43. Kd5 Bg1 44. Rc8+ Kg7 45. Be4 a5 46. f5 a4 47. Bd3 Rb3 48. Bc4 Ra3 49.
Ra8 Ra1 50. Kc6 a3 51. Kb5 Kf6 52. Bb3 Bd4 53. Kc4 Bb2 54. Bc2 Re1 55. Kb3 Re5 56.
Ka2 h5 57. Ra6+ Kg5 58. Ra4 h4 59. Ra8 f6 60. Rg8+ Kf4 61. Rg6 h3 62. Rh6 Kg3 63. Rg6+ Kf2 64. Bb1 h2 65. Rh6 Kg1 66. Rg6+ Kf2 67.
Rh6 Re1 68. Rxh2+ Kg3 69. Rh6 Rf1 70. Rg6+ 1-0

[Event "*** SCC Grand Prix: Titled Tuesday Blitz"]
[Site "Chess.com"]
[Date "2020.08.25"]
[Round "5"]
[White "Gusarov91"]
[Black "SergeyKarjakin"]
[Result "0-1"]
[WhiteElo "2653"]
[BlackElo "2972"]
[TimeControl "180+1"]
[EndTime "10:59:03 PDT"]
[Termination "SergeyKarjakin won on time"]

1. e4 c6 2. d4 d5 3. Nc3 dxe4 4. Nxe4 Bf5 5. Ng3 Bg6 6. h4 h6 7. h5 Bh7 8. Nf3 e6 9. Bd3 Bxd3 10. Qxd3 c5 11.
Qb5+ Qd7 12. Qxd7+ Nxd7 13. Be3 Ngf6 14. dxc5 Bxc5 15.
Bxc5 Nxc5 16. O-O-O Ke7 17. Ne5 Rhd8 18. f3 Rac8 19. Rxd8 Rxd8 20. Rd1 Rxd1+ 21. Kxd1 Nd5 22.
Nf1 f5 23. g3 Kf6 24. f4 Ne4 25. c4 Nb4 26. a3 Nc6 27. Nxc6 bxc6 28. Ke2 Ke7 29. Ke3 Kd6 30. g4 Kc5 31. gxf5 exf5 32. b3 a5 33. Kd3 Nf2+ 34. Ke3 Ng4+ 35. Kd3 Nf2+ 36. Ke3 Ne4 37. Kd3 Kd6 38. b4 a4 39.
Ne3 Ng3 40. c5+ Ke6 41. Kc4 Nxh5 42. Ng2 g5 43. fxg5 hxg5 44. b5 Kd7 45. b6 f4 46.
Kd4 g4 47. Ke4 f3 48. Ne3 f2 49. Nf1 Kc8 50. Ke3 Nf6 51. Kxf2 Ne4+ 52. Ke3 Nxc5 53.
Kf4 Kb7 54. Kxg4 Kxb6 55. Kf3 Kb5 56. Nd2 Nb3 57. Ne4 Kc4 58. Ke2 Nd4+ 59. Kd2 Nb5 60. Kc2 Nxa3+ 61. Kb2 Nb5 62. Nd2+ Kb4 63. Nf3 c5 64.
Ne5 a3+ 65. Ka1 c4 66. Nc6+ Kb3 67. Na5+ Kb4 68. Nc6+ Ka4 69. Ne5 Kb3 0-1

[Event "*** SCC Grand Prix: Titled Tuesday Blitz"]
[Site "Chess.com"]
[Date "2020.08.25"]
[Round "5"]
[White "bascheyaro"]
[Black "Alexander_Zubov"]
[Result "0-1"]
[WhiteElo "2760"]
[BlackElo "2956"]
[TimeControl "180+1"]
[EndTime "10:59:06 PDT"]
[Termination "Alexander_Zubov won by checkmate"]

1. d4 Nf6 2. Bf4 g6 3. e3 Bg7 4.
Nf3 d6 5. Be2 c5 6. O-O Qb6 7. Nc3 O-O 8. Na4 Qa5 9. c4 cxd4 10.
exd4 d5 11. Nc5 Qd8 12. Qb3 b6 13. Na4 Ba6 14. Nc3 Nc6 15. Qa4 Bb7 16. Rad1 dxc4 17.
Bxc4 Na5 18. Be2 Nd5 19. Nxd5 Qxd5 20. Be5 Bh6 21. Ne1 Rfc8 22. b3 Qd8 23. Bf3 Bxf3 24. Nxf3 Qd5 25. Qb4 Nc6 26. Qe1 a5 27. Bg3 a4 28.
Qe2 axb3 29. axb3 e6 30. Ne5 Nxd4 31. Qg4 Rd8 32. Kh1 Bg7 33. Nf3 Qf5 34. Qxf5 Nxf5 35.
Rxd8+ Rxd8 36. Bc7 Rd3 37. Bxb6 Rxb3 38. Bc7 Rc3 39. Bg3 h6 40. Kg1 Rc5 41. Rd1 g5 42. h3 Nxg3 43. fxg3 f5 44. g4 f4 45. Re1 Kf7 46.
Nd2 Bc3 47. Ne4 Rc6 48. Rd1 Kg6 49. Nxc3 Rxc3 50. Rd6 Kf6 51. Kf2 Ke5 52. Rd8 Rc2+ 53. Kf3 Rc3+ 54. Kf2 Ke4 55. Rd2 e5 56. Rb2 Rc4 57.
Re2+ Kd5 58. Rb2 e4 59. Ke2 Kd4 60. Rd2+ Ke5 61. Ra2 Rc5 62. Rb2 Kd4 63. Rb4+ Rc4 64. Rb2 e3 65. Ra2 Kc3 66. Ra3+ Kb4 67. Ra2 Kb3 68. Ra6 Rc2+ 69. Kf1 Rf2+ 70. Kg1 Ra2 71. Re6 Ra1+ 72. Kh2 Kc4 73. h4 Kd3 74. Rd6+ Ke2 75. h5 Kf2 76. g3 fxg3+ 77. Kh3 Rh1# 0-1

[Event "*** SCC Grand Prix: Titled Tuesday Blitz"]
[Site "Chess.com"]
[Date "2020.08.25"]
[Round "5"]
[White "phoenix_sjh"]
[Black "boasovietica"]
[Result "1/2-1/2"]
[WhiteElo "2526"]
[BlackElo "2400"]
[TimeControl "180+1"]
[EndTime "10:59:12 PDT"]
[Termination "Game drawn by stalemate"]

1. d4 Nf6 2. c4 g6 3. Nc3 Bg7 4.
e4 O-O 5. Be2 d6 6. Nf3 Bg4 7.
O-O Nfd7 8. Be3 c5 9. d5 Na6 10. h3 Bxf3 11. Bxf3 Nc7 12. a4 a6 13. a5 Rb8 14.
Qc2 b5 15. axb6 Rxb6 16. Ra3 e6 17. Be2 exd5 18. exd5 Re8 19. Rb3 Rb4 20. Na2 Rxb3 21. Qxb3 Qb8 22. Qa4 Re7 23. b3 Nb6 24. Qc6 Nc8 25.
Bg4 f5 26. Bd1 Be5 27. Bf3 Qxb3 28. Nc1 Qb6 29. Qa4 Qb4 30. Qc6 Na7 31. Nd3 Nxc6 32. Nxb4 Nxb4 33. Bg5 Re8 34. g4 Kg7 35. gxf5 gxf5 36.
Kh1 Bf6 37. Bf4 Be5 38. Rg1+ Kh8 39. Bh6 Rg8 40. Rd1 a5 41. Bh5 a4 42. Bf7 a3 43.
Bxg8 Kxg8 44. Rg1+ Kf7 45. f4 a2 46. fxe5 dxe5 47.
Be3 Nc2 48. Bxc5 a1=Q 49. Rxa1 Nxa1 50. Bd6 Ne8 51. Bxe5 Nc2 52. c5 Ne3 53. d6 Ke6 54.
Bd4 Nc4 55. Bg1 Ncxd6 56. cxd6 Nxd6 57. Kg2 Ke5 58. Kf3 Ne4 59. Bh2+ Ke6 60. Kf4 h6 61. Bg1 Nf6 62. Bd4 Nd5+ 63. Kf3 Kf7 64. Be5 Kg6 65. Bd4 Nf6 66. Kf4 Nh5+ 67. Kf3 Kg5 68. Be3+ f4 69. Bd2 Kh4 70. Bxf4 Nxf4 71. Kxf4 Kxh3 72. Kf3 h5 73. Kf2 Kh2 74. Kf1 h4 75.
Kf2 h3 76. Kf1 Kh1 77. Kf2 Kh2 78. Kf1 Kg3 79. Kg1 h2+ 80. Kh1 Kh3 1/2-1/2

[Event "*** SCC Grand Prix: Titled Tuesday Blitz"]
[Site "Chess.com"]
[Date "2020.08.25"]
[Round "5"]
[White "FontVella8"]
[Black "mbojan"]
[Result "1-0"]
[WhiteElo "2500"]
[BlackElo "2787"]
[TimeControl "180+1"]
[EndTime "10:59:16 PDT"]
[Termination "FontVella8 won by checkmate"]

1. e4 c5 2. Nf3 Nc6 3. d4 cxd4 4. Nxd4 Nf6 5. Nc3 e5 6. Ndb5 d6 7. Bg5 a6 8. Na3 b5 9. Bxf6 gxf6 10. Nd5 f5 11. g3 fxe4 12. Bg2 Be6 13. Bxe4 Rb8 14. O-O Bg7 15. Qh5 Ne7 16. Nxe7 Qxe7 17. Rad1 h6 18. Bc6+ Kf8 19. c3 Bxa2 20. Nc2 Bb3 21. Ne3 Bxd1 22. Rxd1 Qe6 23. Nf5 Rd8 24. Bd5 Qg6 25.
Qf3 Bf6 26. Be4 Bg7 27. Nxd6 Qxd6 28. Rxd6 Rxd6 29. Bd5 Bf6 30. b3 h5 31. c4 bxc4 32. bxc4 Kg7 33. c5 Rdd8 34. c6 Rd6 35. h4 a5 36. Qb3 a4 37. Qa2 Rhd8 38. c7 Rc8 39.
Bxf7 Rxc7 40. Bxh5 Ra7 41. Kg2 a3 42. Bf3 Rda6 43.
Bd5 Rb6 44. Qe2 Rba6 45. Qg4+ Kh7 46. Qh5+ Kg7 47. Qg4+ Kh7 48. Be4+ Kh8 49. Qh5+ Kg7 50. Qg6+ Kf8 51. Bd5 a2 52. Qg8+ Ke7 53. Qf7+ Kd8 54. Qf8+ Kc7 55. Bxa2 Rxa2 56. Qxf6 R2a5 57. h5 R7a6 58.
Qe7+ Kc6 59. g4 Kd5 60. g5 Ra4 61. h6 Rg4+ 62. Kh3 Rg1 63. Qd7+ Ke4 64. Qb7+ Kf4 65. Qxa6 Rxg5 66. Qc4+ Kf5 67. Qf7+ Ke4 68. f3+ Ke3 69.
h7 Rg1 70. Kh4 Rh1+ 71. Kg5 e4 72. fxe4 Rg1+ 73. Kf6 Rf1+ 74. Kg7 Rg1+ 75. Kf8 Ra1 76. h8=Q Ra8+ 77. Kg7 Ra5 78. e5 Kd4 79. Qd7+ Ke3 80. Qhh3+ Ke4 81. Qdg4+ Kxe5 82. Qf5+ Kd6 83. Qxa5 Kc6 84.
Qe6+ Kb7 85. Qd7+ Kb8 86. Qaa7# 1-0

[Event "*** SCC Grand Prix: Titled Tuesday Blitz"]
[Site "Chess.com"]
[Date "2020.08.25"]
[Round "5"]
[White "sergeikim"]
[Black "blitzking1729"]
[Result "1/2-1/2"]
[WhiteElo "2505"]
[BlackElo "2664"]
[TimeControl "180+1"]
[EndTime "10:59:18 PDT"]
[Termination "Game drawn - insufficient material"]

1. d4 d5 2. c4 dxc4 3. e3 e5 4. Bxc4 exd4 5. exd4 Nf6 6. Nf3 Be7 7. O-O O-O 8. h3 Nbd7 9. Nc3 c6 10. Re1 Nb6 11.
Bb3 h6 12. Ne5 Nbd5 13. Qf3 Be6 14. Qg3 Nh5 15. Qf3 Nhf6 16. Qg3 Nxc3 17. bxc3 Bxb3 18. axb3 Kh7 19. Qf3 Bd6 20. Bf4 Qc7 21. c4 Rfe8 22. c5 Bf8 23. Ng4 Rxe1+ 24. Rxe1 Qd8 25. Qd3+ Kg8 26.
Ne5 Nd5 27. Bd2 Qf6 28. Qg3 Rd8 29. b4 Ne7 30. Bc3 Nf5 31. Qg4 Qg5 32. Qe4 Rd5 33. Kh2 g6 34. g3 Bg7 35. Nxf7 Qf6 36. Ne5 Kh7 37. Kg2 Qd8 38. h4 h5 39. Re2 Bxe5 40.
dxe5 Qe7 41. e6 a6 42. Qf4 Kg8 43. Qb8+ Rd8 44. Qe5 Qg7 45. e7 Re8 46. Qe6+ Qf7 47. Qd7 Qd5+ 48. Qxd5+ cxd5 49. Bf6 Kf7 50. Bg5 Nxe7 51.
Re5 Nc6 52. Rxd5 Ke6 53. Rd6+ Ke5 54. Rd7 Nxb4 55. Rxb7 Nc6 56. Rb6 Kd5 57. Rxa6 Kxc5 58. Ra2 Kd5 59. Rd2+ Ke6 60. Re2+ Kf7 61. Rxe8 Kxe8 62.
f3 Kf7 63. g4 hxg4 64. fxg4 Kg8 65. Kg3 Kh7 66. Kf4 Nd4 67. Ke4 Ne6 68. Ke5 Nc5 69. Be3 Nd3+ 70. Kf6 Ne1 71. h5 gxh5 72. g5 Nf3 73. Kf7 Nxg5+ 74. Bxg5 h4 75. Bxh4 1/2-1/2

[Event "*** SCC Grand Prix: Titled Tuesday Blitz"]
[Site "Chess.com"]
[Date "2020.08.25"]
[Round "5"]
[White "GigaQuparadze"]
[Black "frederiksvane"]
[Result "1/2-1/2"]
[WhiteElo "2821"]
[BlackElo "2647"]
[TimeControl "180+1"]
[EndTime "10:59:23 PDT"]
[Termination "Game drawn by stalemate"]

1. e4 c5 2. Nf3 g6 3. c3 d5 4. exd5 Qxd5 5. d4 Bg7 6. Be3 cxd4 7. cxd4 Qa5+ 8. Nc3 Nh6 9. Bc4 O-O 10. O-O Nf5 11. Bb3 Nc6 12. d5 Nxe3 13. fxe3 Ne5 14. Nd4 Bg4 15. Qd2 Rac8 16. h3 Bd7 17. Rf2 Nc4 18.
Bxc4 Rxc4 19. Raf1 Bxd4 20. exd4 Qb6 21. Qe2 Rc7 22.
Qe5 Qd6 23. Ne4 Qxe5 24. dxe5 Bf5 25. d6 exd6 26. Nxd6 Be6 27. b3 Rc5 28. Re1 b6 29. Ne4 Rc7 30. Ng5 Re8 31. Ref1 Bd5 32. Re1 Rce7 33.
e6 Bxe6 34. Ne4 Kg7 35. Nf6 Rc8 36. Kh2 Rec7 37. Ree2 Rc1 38. Ne4 h5 39. Ng5 R1c6 40.
Nf3 Rd6 41. Ng5 Rcc6 42. Re3 Rd5 43. Nf3 Rcd6 44. Rc3 Rc5 45. Re3 Rdc6 46. Nd4 Rd6 47. Re4 Rcd5 48. Nf3 Rf5 49. Ra4 a5 50. Re2 Rfd5 51.
Rf4 Rf5 52. Ra4 Bd5 53. Nd4 Rff6 54. Nb5 Rde6 55. Rxe6 Bxe6 56. Nc3 Rf2 57. Rd4 Rc2 58. Rd3 Bf5 59. Re3 Rb2 60. Kg1 Bd7 61. h4 Bc6 62. g3 Rg2+ 63. Kf1 Rc2 64. Ke1 b5 65. Kd1 Rg2 66. a3 Rb2 67. Ne2 Ra2 68. b4 axb4 69.
axb4 Rb2 70. Nd4 Bd5 71. Nxb5 Rxb4 72. Nc7 Be6 73. Nxe6+ fxe6 74. Rxe6 Rb3 75. Ke2 Rxg3 76. Re4 Rg4 77. Rxg4 hxg4 78. Ke3 Kh6 79. Kf4 Kh5 80. Kg3 g5 81. hxg5 Kxg5 82. Kg2 Kf4 83. Kf2 g3+ 84.
Kg2 Kg4 85. Kg1 Kh3 86. Kh1 g2+ 87. Kg1 Kg3 1/2-1/2